 Dungeon Crawl Stone Soup version 0.18-a0-1773-gec4f98e (webtiles) character file.

224 Leibowitz the Ducker (level 6, -10/46 HPs)
             Began as a Merfolk Gladiator on Apr 14, 2016.
             Mangled by an ogre
             ... wielding a +0 giant club
              (24 damage)
             ... on level 3 of the Dungeon.
             The game lasted 00:09:06 (3708 turns).

Leibowitz the Ducker (Merfolk Gladiator)            Turns: 3708, Time: 00:09:07

Health: -10/46     AC:  4    Str: 15    XL:     6   Next: 0%
Magic:  6/6        EV: 15    Int:  8    God:
Gold:   135        SH:  0    Dex: 16    Spells: 0 memorised, 5 levels left

rFire  . . .     SeeInvis .     a - +1 trident (venom)
rCold  . . .     Gourm    .     p - +0 leather armour {rPois}
rNeg   . . .     Faith    .     (no shield)
rPois  +         Spirit   .     c - +0 helmet
rElec  .         Dismiss  .     (no cloak)
rCorr  .         Reflect  .     (no gloves)
SustAt .         Harm     .     (no boots)
MR     .....                    (no amulet)
Stlth  ++........               (no ring)
                                (no ring)

@: not resistant to hostile enchantments, unstealthy
A: change form in water, swift swim
a: no special abilities


You were on level 3 of the Dungeon.
You were very hungry.

You visited 1 branch of the dungeon, and saw 4 of its levels.

You collected 135 gold pieces.

Inventory:

Hand Weapons
 a - a +1 trident of venom (weapon)
 b - a +0 rapier
Missiles
 d - 3 throwing nets (quivered)
 r - 12 poisoned needles
Armour
 c - a +0 helmet (worn)
 p - a +0 leather armour of poison resistance (worn)
Jewellery
 q - an uncursed ring of see invisible {unknown}
Scrolls
 e - 2 scrolls of remove curse {unknown}
 g - 7 scrolls of identify {unknown}
 i - a scroll of noise {unknown}
 j - 3 scrolls of teleportation {unknown}
 k - a scroll of fear {unknown}
 n - 3 scrolls of magic mapping {unknown}
 s - a scroll of enchant weapon {unknown}
Potions
 m - 2 potions of degeneration {unknown}
 o - 2 potions of haste {unknown}
Comestibles
 f - 2 bread rations
 h - 5 fruits
 l - a meat ration


   Skills:
 * Level 2.9 Fighting
 * Level 4.8 Short Blades
 - Level 2.0 Throwing
 * Level 1.8 Armour
 * Level 5.5 Dodging
 * Level 2.4 Stealth


You had 5 spell levels left.
You didn't know any spells.

Dungeon Overview and Level Annotations

Branches:
Dungeon (4/15)
 Temple: D:4-7

Altars:
Elyvilon
Pakellas
Yredelemnul
The Shining One

Annotations:
D:4 Potsanchik's ghost, amateur FeCK


Message History

You barely miss the ogre.
The worker ant twitches its antennae in your direction.
The ogre hits you with a giant club. The ogre barely misses you.
You climb upwards.
There is a stone staircase leading down here.
You hit the ogre.
The ogre is lightly wounded.
The ogre hits you with a giant club!
You hit the ogre.
The ogre is poisoned.
The ogre is moderately wounded.
The ogre hits you with a giant club!
You hit the ogre.
The ogre is moderately wounded.
The ogre closely misses you.
You puncture the ogre!
The ogre looks even sicker.
The ogre is severely wounded.
The ogre hits you with a giant club!!
Ouch! That really hurt!
You die...

########.........# #.#
.......#.)#####..## #.#
.#####.#..# #...# #.# .##.......#
#[#.# #.###### .........)# #.(.#
#......# ###.###...#####.###
######.# # # #.###.........# #.#
# # #.....##.##...## #.# #
###........#....@## ### #.# #
........###>...O..## ##.###.# #
###....###.).......####...##.####
#....<..'.........'.............
##....###.........####...##.####
##.#.# ##.......## ##.###.# ###.#
##.....## ### #.# ##.# ##...##
#.# #..# #####'#### ####.#


You could see an ogre.

Vanquished Creatures
  Ijyb (D:3)
  An iguana (D:3)
  5 adders
  4 gnolls
  A dart slug (D:1)
  2 worms (D:2)
  A giant gecko (D:2)
  3 orcs
  8 giant cockroaches
  12 goblins
  8 hobgoblins
  3 jackals (D:3)
  2 quokkas (D:3)
  A ball python (D:2)
  5 bats
  3 giant newts
  11 kobolds
  10 rats
  A spectral orc (D:3)
82 creatures vanquished.

Notes
Turn   | Place    | Note
--------------------------------------------------------------
     0 | D:1      | Leibowitz the Merfolk Gladiator began the quest for the Orb.
     0 | D:1      | Reached XP level 1. HP: 16/16 MP: 1/1
   220 | D:1      | Reached XP level 2. HP: 22/22 MP: 2/2
   449 | D:1      | Reached XP level 3. HP: 10/28 MP: 3/3
  1238 | D:1      | Reached skill level 1 in Stealth
  1378 | D:2      | Reached XP level 4. HP: 33/34 MP: 4/4
  1601 | D:2      | Found a glowing golden altar of the Shining One.
  1671 | D:2      | Reached skill level 1 in Armour
  1793 | D:2      | Reached skill level 5 in Dodging
  1974 | D:2      | Reached XP level 5. HP: 39/39 MP: 5/5
  2107 | D:2      | Found a white marble altar of Elyvilon.
  2408 | D:3      | Noticed Ijyb
  2415 | D:3      | Killed Ijyb
  3078 | D:3      | Found a basalt altar of Yredelemnul.
  3169 | D:3      | Found an oddly glowing altar of Pakellas.
  3537 | D:4      | Noticed Potsanchik's ghost (amateur FeCK)
  3545 | D:3      | Reached XP level 6. HP: 23/46 MP: 6/6
  3708 | D:3      | Mangled by an ogre

Vault maps used:
D:1:      dpeg_arrival_tiny_e
D:2:      nicolae_overflow_crystal_walls, nicolae_tso_swordbearing_angel
D:3:      yredelemnul_forgotten_temple_becter, grunt_pakellas_basics, uniq_iyjb
D:4:      tgw_trog, nicolae_ru_awakened_eye, hex_large,
          minmay_goblin_kobold_house, uniq_pikel, uniq_edmund

Skill      XL: |  1  2  3  4  5 |
---------------+----------------+-----
Short Blades   | 4 |  4.8
Stealth        | 1 2 |  2.4
Armour         | 1 |  1.8
Dodging        | 5 |  5.5
Fighting       | |  2.9
Throwing       | |  2.0

Action                   |  1- 3 |  4- 6 || total
-------------------------+-------+-------++-------
Melee: Rapier            |   137 |   158 ||   295
       Trident           |       |    53 ||    53
Throw: Throwing net      |       |     9 ||     9
 Stab: Sleeping          |     2 |     3 ||     5
       Held in net/web   |       |     4 ||     4
  Eat: Chunk             |     2 |     6 ||     8
Armor: Leather armour    |    30 |    37 ||    67
Dodge: Dodged            |    80 |   132 ||   212
